 Dungeon Crawl Stone Soup version 0.30-a0-916-g9813417 (webtiles) character file.

Game seed: 12366564933594196807

421 Dorkslayer the Covered (level 6, -5/39 HPs)
             Began as a Gargoyle Fighter on Apr 5, 2023.
             Slain by a wight
             ... wielding a +4 long sword
              (9 damage)
             ... on level 3 of the Dungeon on Apr 7, 2023.
             The game lasted 00:10:44 (2283 turns).

Dorkslayer the Covered (Gargoyle Fighter)           Turns: 2283, Time: 00:10:46

Health: -5/39      AC: 14    Str: 22    XL:     6   Next: 94%
Magic:  6/6        EV: 10    Int:  9    God:
Gold:   114        SH: 11    Dex: 11    Spells: 5/5 levels left

rFire   . . .      SeeInvis +    a - +1 war axe
rCold   . . .      Faith    .    c - +1 buckler
rNeg    + . .      Spirit   .    b - +0 scale mail
rPois   ∞          Reflect  +    (no helmet)
rElec   +          Rampage  .    (no cloak)
rCorr   .                        e - +2 pair of gloves of the Tuna {Contam Will++ Str+3 SInv}
Will    ++...                    (no boots) Stlth
                                 f - amulet of reflection
HPRegen 0.26/turn                (no ring)
MPRegen 0.10/turn                (no ring)

@: no status effects
A: sickness immunity, AC +4, negative energy resistance 1, electricity
resistance, torment resistance 1, petrification resistance
a: no special abilities


You were on level 3 of the Dungeon.
You visited 1 branch of the dungeon, and saw 4 of its levels.

You collected 114 gold pieces.

Inventory:

Hand Weapons
 a - a +1 war axe (weapon)
Armour
 b - a +0 scale mail (worn)
 c - a +1 buckler (worn)
 e - the +2 pair of gloves of the Tuna (worn) {Contam Will++ Str+3 SInv}
   (You acquired it on level 3 of the Dungeon)

   Str:       It affects your strength (+3).
   SInv:      It lets you see invisible.
   Contam:    It causes magical contamination when unequipped.
   Will:      It greatly increases your willpower.
Jewellery
 f - an amulet of reflection (around neck)
Scrolls
 g - a scroll of enchant armour
 r - a scroll of fear
Potions
 d - a potion of might
 s - a potion of heal wounds
 t - a potion of experience {unknown}


   Skills:
 + Level 4.4 Fighting
 + Level 3.0 Axes
 + Level 4.5 Armour
 * Level 3.1 Dodging
 + Level 4.5 Shields


You had 5 spell levels left.
You didn't know any spells.
Your spell library contained the following spells:

 Spells                   Type           Power      Damage    Failure   Level
 Summon Small Mammal      Summ           0%         N/A       80%         1
 Poisonous Vapours        Pois/Air       0%         N/A       90%         2
 Call Canine Familiar     Summ           0%         N/A       99%         3
 Mephitic Cloud           Conj/Pois/Air  0%         N/A       99%         3
 Summon Guardian Golem    Hex/Summ       0%         N/A       99%         3
 Cigotuvi's Dreadful Rot  Necr/Pois/Air  Unusable   N/A       N/A         2

Dungeon Overview and Level Annotations

Branches:
Dungeon (4/15)
 Temple: D:4-7

Altars:
Dithmenos
Okawaru
Xom
The Shining One


Innate Abilities, Weirdness & Mutations

You are immune to sickness and miasma.
Your stone body is resilient. (AC +4)
You are immune to poison.
You resist negative energy. (rN+)
You are resistant to electric shocks. (rElec)
You are resistant to unholy torment.
You are immune to petrification.


Message History

Found 10 gold pieces.
You now have 99 gold pieces (gained 10).
Nothing quivered!
You now have 114 gold pieces (gained 15).
Key pressed, stopping explore.
Key pressed, stopping explore.
There is a stone staircase leading up here.
Done exploring.
There is a stone staircase leading down here.
You climb downwards.
You block the wight's attack. The wight barely misses you.
There is a stone staircase leading up here.
You barely miss the wight. The wight hits you but does no damage.
The wight hits you with a +4 long sword.
The wight hits you from afar with a +4 spear!
You block the wight's attack.
You climb upwards.
There is a stone staircase leading down here.
You closely miss the wight. You block the wight's attack.
The wight hits you with a +4 long sword!
You barely miss the wight. The wight closely misses you.
You hit the wight but do no damage. You block the wight's attack.
You hit the wight.
The wight is lightly damaged.
The wight misses you. You block the wight's attack.
You hit the wight.
The wight is heavily damaged.
The wight hits you with a +4 long sword!
* * * LOW HITPOINT WARNING * * *
You hit the wight.
The wight is severely damaged.
The wight hits you but does no damage. You block the wight's attack.
You barely miss the wight.
The wight is severely damaged.
The wight hits you with a +4 long sword!
* * * LOW HITPOINT WARNING * * *
You closely miss the wight.
The wight is severely damaged.
You block the wight's attack.
The wight hits you with a +4 long sword!
You die...

.# #..#########..## .# #..#
#.....# .# #..# ##.#...####
#####..# #.........#
......)######.###.###.#
#).##.........#.....#.#
#...########..#..?..#.#
#.#.##.....#..........#####
#.#..#.....#..#.@...#.....#
#.##.......#..#z.[..#.###.#
....#......#..###)###...#.#
....##.....#....).....#.#.#
....##.###.#.#........#.#.#
....##..##.#+#.#..<#.##.#.#
.....#.........#...#....#.#
.......##......#...######.#
.##.##.###.........######.#


You could see a wight.

Vanquished Creatures
  A black bear (D:3)
  A wight (D:3)
  4 crimson imps (D:3)
  An orc priest (D:3)
  An orc wizard (D:3)
  5 adders
  A worm (D:2)
  A dart slug (D:3)
  4 orcs (D:3)
  2 giant cockroaches (D:3)
  2 goblins
  4 hobgoblins
  9 kobolds
  A quokka (D:3)
  4 ball pythons
  3 bats (D:3)
  A frilled lizard (D:3)
  4 rats
49 creatures vanquished.

Vanquished Creatures (others)
  An orc wizard (D:3)
  A kobold (D:3)
2 creatures vanquished.

Grand Total: 51 creatures vanquished

Notes
Turn   | Place    | Note
-------+----------+-------------------------------------------
     0 | D:1      | Dorkslayer the Gargoyle Fighter began the quest for the
                  | Orb.
     0 | D:1      | Reached XP level 1. HP: 14/14 MP: 1/1
   757 | D:2      | Reached XP level 2. HP: 19/19 MP: 2/2
   784 | D:2      | Reached skill level 1 in Dodging
   784 | D:2      | Reached XP level 3. HP: 9/23 MP: 3/3
  1374 | D:3      | Reached XP level 4. HP: 29/29 MP: 4/4
  1528 | D:3      | Identified a scroll of acquirement
  1528 | D:3      | Acquired the +2 pair of gloves of the Tuna {Contam Will++
                  | Str+3 SInv}
  1541 | D:3      | Reached XP level 5. HP: 33/33 MP: 5/5
  1606 | D:3      | Noticed a black bear
  1625 | D:3      | Killed a black bear
  1626 | D:3      | Reached XP level 6. HP: 32/38 MP: 6/6
  1857 | D:3      | Found an iron altar of Okawaru.
  1957 | D:3      | Found a glowing golden altar of the Shining One.
  1966 | D:3      | Found a shadowy altar of Dithmenos.
  2029 | D:3      | Found a shimmering altar of Xom.
  2283 | D:3      | Slain by a wight

Illustrated notes

Levels and vault maps discovered:
D:1:      saegor_arrival_simple_c, layout_basic
D:2:      layout_basic
D:3:      layout_basic, okawaru_gym_becter, led_xom_imps,
          nicolae_overflow_hidden_temple, st_stairs_3
D:4:      layout_basic, nicolae_kite_square_tiling_tiny, uniq_grinder

Skill      XL: |  1  2  3  4  5  6 |
---------------+-------------------+-----
Axes           | 2 3 |  3.0
Dodging        | 1 2 3 |  3.1
Armour         | 4 |  4.5
Fighting       | 4 |  4.4
Shields        | 4 |  4.5

Action                     |  1- 3 |  4- 6 || total
---------------------------+-------+-------++-------
  Melee: War axe           |    55 |   115 ||   170
    Use: Scroll            |       |    14 ||    14
 Armour: Scale mail        |    30 |    52 ||    82
  Dodge: Dodged            |    32 |    51 ||    83
  Block: Buckler           |    15 |    83 ||    98
         Reflection        |       |     3 ||     3

Table legend: (Time is in decaauts)
 A = Elapsed time spent in this place.
 B = Non-inter-level travel time spent in this place.
 C = Inter-level travel time spent in this place.
 D = Time resting spent in this place.
 E = Time spent auto-exploring this place.
 F = Levels seen in this place.
 G = Mean time per level.
                   A        B        C        D        E       F      G
               +--------+--------+--------+--------+--------+-----+--------+
         Total |   2355 |   2355 |      0 |    122 |    987 |   4 |  588.8 |
       Dungeon |   2355 |   2355 |      0 |    122 |    987 |   4 |  588.8 |
               +--------+--------+--------+--------+--------+-----+--------+

Top non-repeatable levels by time:
     D:3: 956 daAuts
     D:1: 736 daAuts
     D:2: 656 daAuts
     D:4: 5 daAuts
